[Event "Early-Titled-Tuesday-Blitz-August-29-2023"]
[Site "Chess.com"]
[Date "2023.08.29"]
[Round "9"]
[White "knightinshiningarmour16"]
[Black "Maluco_do_Natal_00"]
[Result "1-0"]
[WhiteElo "2125"]
[BlackElo "1927"]
[TimeControl "180+1"]
[EndTime "9:43:08 PDT"]
[Termination "knightinshiningarmour16 won on time"]

1. d4 d5 2. c4 c6 3. Nc3 Nf6 4.
Nf3 dxc4 5. a4 Bf5 6. e3 Nbd7 7. Bxc4 e6 8. O-O Bb4 9. Bd3 Bxd3 10. Qxd3 O-O 11. Rd1 a5 12. Ne4 Nxe4 13. Qxe4 Qf6 14. Bd2 Nb6 15. Bxb4 axb4 16. b3 Nd5 17. Qc2 Rfd8 18.
Ne5 Qh4 19. Rdc1 f6 20. Nc4 Ne7 21. Qd2 c5 22. Qe1 cxd4 23. Qxb4 dxe3 24. Qxe7 Qxf2+ 25. Kh1 Re8 26. Qxb7 Rab8 27. Qf3 Rxb3 28. Qxf2 exf2 29. Rc2 Rb4 30. Nd2 Ra8 31. Rca2 e5 32. g3 e4 33. Kg2 e3 34. Nf3 g5 35. a5 g4 36.
Nh4 Re4 37. a6 e2 38. Kxf2 Rxa6 39. Rxa6 1-0

[Event "Early-Titled-Tuesday-Blitz-August-29-2023"]
[Site "Chess.com"]
[Date "2023.08.29"]
[Round "9"]
[White "masterofpuppets2"]
[Black "jsdbv18"]
[Result "0-1"]
[WhiteElo "2466"]
[BlackElo "2605"]
[TimeControl "180+1"]
[EndTime "9:43:12 PDT"]
[Termination "jsdbv18 won by resignation"]

1. d4 Nf6 2. c4 e6 3. Nf3 d5 4.
Nc3 Be7 5. Bf4 O-O 6. e3 c5 7. dxc5 Bxc5 8. cxd5 exd5 9. Be2 Nc6 10. O-O Be6 11. Rc1 Bb6 12. Nb5 Re8 13. Nd6 Re7 14. Nxb7 Rxb7 15. Rxc6 Ne4 16. Rc1 Bc5 17. Be5 Bf8 18. Nd2 Qa5 19. Nxe4 dxe4 20. Bd4 Qxa2 21. Ra1 Qd5 22. Ba6 Rd7 23. Qa4 Qg5 24. Rfc1 Rb8 25.
Qa5 Rd5 26. Qc7 Bd6 27. Qxa7 h6 28. g3 Bg4 29. Bc4 Rf5 30. Qd7 Rd8 31. Qc6 Bf3 32.
Bf1 h5 33. Ra8 Rxa8 34. Qxa8+ Kh7 35. Rc8 Ra5 36. Rh8+ Kg6 37. Qc6 Qe7 38. Rg8 f6 39. Rb8 Bxb8 40. Bc3 Ra1 41. Qc4 Be5 42. Bb4 Qc7 43.
h4 Qxc4 0-1

[Event "Early-Titled-Tuesday-Blitz-August-29-2023"]
[Site "Chess.com"]
[Date "2023.08.29"]
[Round "9"]
[White "masenik"]
[Black "slidingknight2775"]
[Result "0-1"]
[WhiteElo "2432"]
[BlackElo "2580"]
[TimeControl "180+1"]
[EndTime "9:43:12 PDT"]
[Termination "slidingknight2775 won by checkmate"]

1. e4 c6 2. d4 d5 3. Nc3 dxe4 4. Nxe4 Nf6 5. Nxf6+ exf6 6. c3 Bd6 7. Bd3 O-O 8.
Ne2 Re8 9. O-O g6 10. Bh6 Be6 11. Qd2 Nd7 12. Rae1 Qc7 13. h4 c5 14. h5 f5 15.
Rd1 Nf6 16. Nf4 Rad8 17. Bg5 Be7 18. Nxe6 fxe6 19. hxg6 hxg6 20. Bb5 Ne4 21. Qf4 e5 22. dxe5 Bxg5 23. Qf3 Rxd1 24. Rxd1 Rd8 25. Bc4+ Kg7 26. Rxd8 Qxd8 27. g3 Qe7 28. Qe2 b6 29. f4 Bh6 30.
Kg2 Qd7 31. Bd3 Qd5 32. Qf3 c4 33. Be2 b5 34. Kh3 Qd2 35. a4 a6 36. axb5 axb5 37. g4 Qxf4 38. Qxf4 Bxf4 39. gxf5 gxf5 40. e6 Kf6 41. Bh5 Kxe6 42. Be8 Nd6 43. Bc6 Ke5 44. Kg2 Bc1 45. Kf3 Bxb2 46. Ke2 Bxc3 47. Kd1 Bd4 48. Kc2 b4 49. Kd1 b3 50. Ba8 Ne4 51. Bb7 c3 52.
Ke2 c2 53. Ba8 c1=Q 54. Bxe4 Qe3+ 55. Kd1 Bc3 56. Bc2 Qd2# 0-1

[Event "Early-Titled-Tuesday-Blitz-August-29-2023"]
[Site "Chess.com"]
[Date "2023.08.29"]
[Round "9"]
[White "SRob2003"]
[Black "averageFM"]
[Result "0-1"]
[WhiteElo "2636"]
[BlackElo "2545"]
[TimeControl "180+1"]
[EndTime "9:43:15 PDT"]
[Termination "averageFM won on time"]

1. c4 Nf6 2. g3 e6 3. Bg2 d5 4.
Nf3 Be7 5. O-O O-O 6. b3 b6 7. Bb2 c5 8. e3 Ba6 9. Ne5 Nfd7 10. Nxd7 Nxd7 11. Re1 Bf6 12. Nc3 Ne5 13. d4 cxd4 14.
exd4 Nc6 15. cxd5 Nxd4 16. dxe6 fxe6 17. Rb1 Rc8 18. Ne4 Ne2+ 19. Kh1 Qxd1 20. Rexd1 Nc3 21. Nxc3 Bxc3 22. Bxc3 Rxc3 23. Rb2 Rfc8 24. h4 Rc2 25. Rd2 Rxb2 26. Rxb2 Bd3 27. Rd2 Rc3 28. Kh2 e5 29. Bd5+ Kf8 30. Kg2 e4 31. Kh3 Ke7 32. Kg4 Bb1 33.
Rb2 Bc2 34. Bc4 Kd6 35. h5 Kc5 36. a3 Kd4 37. Bg8 h6 38. b4 Kd3 39. Bh7 Kd2 0-1

[Event "Early-Titled-Tuesday-Blitz-August-29-2023"]
[Site "Chess.com"]
[Date "2023.08.29"]
[Round "9"]
[White "Henryk_S"]
[Black "maurovargas01"]
[Result "1-0"]
[WhiteElo "2123"]
[BlackElo "1901"]
[TimeControl "180+1"]
[EndTime "9:43:15 PDT"]
[Termination "Henryk_S won on time"]

1. e4 e5 2. Nf3 Nc6 3. Nc3 Bb4 4. Nd5 Ba5 5. Bc4 Nf6 6. O-O d6 7. d4 h6 8. dxe5 dxe5 9. b4 Nxb4 10. Nxe5 O-O 11. Bb2 c6 12. Nxf6+ Qxf6 13. a3 Na6 14. Bxa6 bxa6 15. Nc4 Qd8 16. Qf3 Bc7 17. Rad1 Qh4 18. h3 Be6 19. Qc3 Qg5 20. g4 h5 21. f4 Bb6+ 22. Kg2 Qh6 23. g5 Qh7 24. f5 Bc8 25. Rf3 Bb7 26. Nxb6 axb6 27. Rg3 c5 28. Re1 Rfb8 29. g6 Qh6 30. gxf7+ Kxf7 31. Rxg7+ Kf8 32. Kh2 Qf4+ 33. Rg3 1-0

[Event "Early-Titled-Tuesday-Blitz-August-29-2023"]
[Site "Chess.com"]
[Date "2023.08.29"]
[Round "9"]
[White "Mmukka"]
[Black "tteshan"]
[Result "1-0"]
[WhiteElo "2447"]
[BlackElo "2558"]
[TimeControl "180+1"]
[EndTime "9:43:16 PDT"]
[Termination "Mmukka won by resignation"]

1. e4 c5 2. Nf3 Nc6 3. d4 cxd4 4. Nxd4 g6 5. Nc3 Bg7 6. Nxc6 bxc6 7. Bc4 d6 8. O-O Nf6 9. Re1 O-O 10. h3 Nd7 11. Be3 Qa5 12. Bd4 Ne5 13. Bb3 Rb8 14.
f4 Nd7 15. Bxg7 Kxg7 16. Qd4+ Kg8 17. Rad1 Qc5 18. Kf2 Rb4 19. Qxc5 Nxc5 20. Kf3 a5 21. Rb1 a4 22. a3 Rd4 23. Ba2 Ba6 24. Rbd1 Rxd1 25.
Rxd1 Rb8 26. Rb1 Kg7 27. Ke3 f5 28. exf5 gxf5 29. b4 axb3 30. cxb3 Kf6 31. b4 Nd7 32. a4 e5 33. b5 cxb5 34. Nd5+ Kg7 35. Nc7 Rb6 36.
axb5 Bb7 37. Be6 Be4 38. Rb2 Nc5 39. Bd5 exf4+ 40. Kd4 Kf6 41. Bxe4 Rb8 42. Nd5+ Ke6 43. Nxf4+ Kf6 44. Nd5+ Ke6 45. Bf3 Rg8 46. Re2+ Kd7 47. Nf6+ 1-0

[Event "Early-Titled-Tuesday-Blitz-August-29-2023"]
[Site "Chess.com"]
[Date "2023.08.29"]
[Round "9"]
[White "reniite"]
[Black "Nathan_Filgueiras"]
[Result "1-0"]
[WhiteElo "2373"]
[BlackElo "2515"]
[TimeControl "180+1"]
[EndTime "9:43:16 PDT"]
[Termination "reniite won by resignation"]

1. e4 c5 2. Nf3 Nc6 3. d4 cxd4 4.
Nxd4 e5 5. Nf3 Nf6 6. Bd3 Bb4+ 7. c3 Be7 8. O-O O-O 9. Bc2 d5 10. exd5 Qxd5 11. Re1 Qxd1 12. Rxd1 Bg4 13. Nbd2 Rad8 14.
Re1 Bd6 15. Nc4 Bxf3 16. Nxd6 Rxd6 17. gxf3 Nd5 18. Rd1 Rfd8 19. Bd2 Nf4 20. Bxf4 Rxd1+ 21. Rxd1 Rxd1+ 22. Bxd1 exf4 23. b4 g5 24. Kf1 Ne5 25. Ke2 Kf8 26. Kd2 Ke7 27. Be2 f5 28. c4 g4 29. Kc3 h5 30. Kd4 Ke6 31. fxg4 fxg4 32.
c5 Nc6+ 33. Ke4 f3 34. Bc4+ Kf6 35. b5 Ne5 36. Bd5 b6 37. c6 Ng6 38. c7 Ne7 39. Bb7 h4 40. c8=Q Nxc8 41. Bxc8 Kg5 42. a4 g3 43. hxg3 hxg3 44. Kxf3 gxf2 45. Kxf2 Kf4 46.
Be6 Ke4 47. Bb3 Kd4 48. Ke2 Kc3 49. Bd1 Kb4 50. Kd3 a5 51. bxa6 1-0

[Event "Early-Titled-Tuesday-Blitz-August-29-2023"]
[Site "Chess.com"]
[Date "2023.08.29"]
[Round "9"]
[White "RobertoJBM"]
[Black "Zhigalko_Sergei"]
[Result "0-1"]
[WhiteElo "2822"]
[BlackElo "2942"]
[TimeControl "180+1"]
[EndTime "9:43:17 PDT"]
[Termination "Zhigalko_Sergei won by resignation"]

1. d4 Nf6 2. c4 e6 3. Nf3 b6 4. g3 Ba6 5. Qa4 Bb7 6. Bg2 c5 7.
O-O cxd4 8. Nxd4 Bxg2 9. Kxg2 Qc7 10. Rd1 a6 11. Nc3 Qb7+ 12. f3 Be7 13. Bg5 h6 14.
Bxf6 Bxf6 15. Ne4 Be7 16. Rd2 O-O 17. Rc1 Rc8 18. Qd1 f5 19. Nf2 Bg5 20. b3 Bxd2 21.
Qxd2 Nc6 22. Rd1 Rd8 23. Qe3 Rac8 24. Nh3 b5 25. cxb5 Nxd4 26. Rxd4 Qxb5 27. Rd2 Qc5 28. Qd3 Qc3 29. Nf4 Qxd3 30. Nxd3 d6 31. Kf2 Kf7 32. Ke3 g5 33. Kd4 Rc7 34. Nb2 e5+ 35.
Kd3 d5 36. f4 gxf4 37. gxf4 d4 38. Nc4 e4+ 39. Kc2 Ke6 40. e3 d3+ 41. Kc3 Rg8 42. Kd4 Rg1 43. h4 h5 44. Rh2 Rd7+ 45.
Kc3 Rc1+ 46. Kb2 Re1 47. Kc3 Re2 48. Rh3 Rc2+ 49. Kb4 Rxc4+ 0-1

[Event "Early-Titled-Tuesday-Blitz-August-29-2023"]
[Site "Chess.com"]
[Date "2023.08.29"]
[Round "9"]
[White "ExchangeAB"]
[Black "nitpicker"]
[Result "1/2-1/2"]
[WhiteElo "2445"]
[BlackElo "2296"]
[TimeControl "180+1"]
[EndTime "9:43:17 PDT"]
[Termination "Game drawn - insufficient material"]

1. d4 Nf6 2. Nc3 d5 3. Bf4 a6 4. e3 e6 5. Bd3 Bd6 6. Qf3 c5 7. Bxd6 Qxd6 8. dxc5 Qxc5 9. Qg3 O-O 10. Nf3 b5 11.
O-O Nbd7 12. a3 Bb7 13. Rfe1 Nb6 14. Qh4 h6 15. Qb4 Rac8 16. Qxc5 Rxc5 17. Ne5 Rfc8 18. f4 Nc4 19. Bxc4 bxc4 20. h3 R5c7 21. Kf2 Nd7 22.
Nxd7 Rxd7 23. Ne2 f6 24. Red1 g6 25. Nd4 Kf7 26. Rac1 e5 27. Nf3 Ke6 28. b4 cxb3 29. cxb3 Rdc7 30. Rxc7 Rxc7 31. fxe5 fxe5 32. Rd2 Rc3 33.
Rb2 g5 34. Ke2 d4 35. exd4 Bxf3+ 36. gxf3 exd4 37. a4 Kf5 38. b4 Kf4 39. b5 axb5 40. axb5 Re3+ 41. Kd1 Kxf3 42. b6 Re8 43. b7 Rb8 44.
Kd2 Ke4 45. Rb6 h5 46. Rb5 Kf4 47. Kd3 g4 48. hxg4 hxg4 49. Kxd4 g3 50. Kc5 g2 51. Rb4+ Kf3 52. Rb3+ Kf2 53. Rb2+ Kf3 54. Rxg2 Kxg2 55. Kc6 Rxb7 56. Kxb7 1/2-1/2

[Event "Early-Titled-Tuesday-Blitz-August-29-2023"]
[Site "Chess.com"]
[Date "2023.08.29"]
[Round "9"]
[White "Oleksandr_Bortnyk"]
[Black "igorkovalenko"]
[Result "0-1"]
[WhiteElo "3037"]
[BlackElo "2976"]
[TimeControl "180+1"]
[EndTime "9:43:18 PDT"]
[Termination "igorkovalenko won by checkmate"]

1. d4 Nf6 2. Nc3 d5 3. Bf4 a6 4. e3 b5 5. a3 Nbd7 6. b4 c6 7. Nf3 a5 8. Bxb5 Qb6 9. Bd3 Nh5 10. Na4 Qa7 11. Nc5 axb4 12. O-O Nxc5 13. dxc5 bxa3 14. Be5 Qxc5 15. Nd4 Nf6 16. Nb3 Qb4 17. c3 Qg4 18. f3 Qh5 19. Bg3 e6 20. Nd4 Bd7 21. Qb3 Bc5 22. Qb7 O-O 23. Nxc6 Bxc6 24. Qxc6 Rfc8 25. Qb7 Bxe3+ 26. Kh1 Bc5 27. c4 dxc4 28. Bxc4 h6 29. Rfd1 Rd8 30. Rxd8+ Rxd8 31. Qc7 Rd4 32. Bb3 Rd2 33.
h3 Qg5 34. h4 Qe3 35. Ba4 Nh5 36. Qc8+ Kh7 37. Be1 Re2 38. Bc3 Ng3+ 39. Kh2 Nf5 40. Bxg7 Nxg7 41. Rd1 Qf4+ 42. Kh1 Qxh4# 0-1

[Event "Early-Titled-Tuesday-Blitz-August-29-2023"]
[Site "Chess.com"]
[Date "2023.08.29"]
[Round "9"]
[White "VladimirKramnik"]
[Black "Brave_spirit12"]
[Result "1-0"]
[WhiteElo "2957"]
[BlackElo "2829"]
[TimeControl "180+1"]
[EndTime "9:43:18 PDT"]
[Termination "VladimirKramnik won by resignation"]

1. e4 e6 2. d4 d5 3. exd5 exd5 4. Nf3 Bd6 5. c4 Bg4 6. Nc3 Nf6 7. h3 Bh5 8. cxd5 h6 9. g4 Bg6 10. Ne5 O-O 11. Bg2 Nfd7 12. Nxg6 fxg6 13. O-O Nb6 14. Qc2 Qf6 15. Ne4 Qf7 16. f4 Nxd5 17. Qb3 Nb6 18. Nxd6 cxd6 19. Bxb7 d5 20. Bxa8 Nxa8 21.
f5 Nb6 22. Bf4 Nc6 23. Be5 Re8 24. Rae1 Nc4 25. fxg6 Qxg6 26. Qf3 N6xe5 27. Qxd5+ Kh8 28. dxe5 Qb6+ 29. Kh1 Ne3 30. Qf7 Rxe5 31. Rf3 Qxb2 32. Rfxe3 Rxe3 33. Qf8+ Kh7 34. Qf5+ g6 35. Qd7+ Kh8 36.
Qc8+ Kg7 37. Rxe3 1-0

[Event "Early-Titled-Tuesday-Blitz-August-29-2023"]
[Site "Chess.com"]
[Date "2023.08.29"]
[Round "9"]
[White "noblerone"]
[Black "ViktoriyaTarasova"]
[Result "0-1"]
[WhiteElo "2542"]
[BlackElo "2432"]
[TimeControl "180+1"]
[EndTime "9:43:19 PDT"]
[Termination "ViktoriyaTarasova won by resignation"]

1. d4 Nf6 2. Nf3 e6 3. Bg5 d5 4. Nbd2 Be7 5. e3 c5 6. c3 O-O 7. Bd3 h6 8. Bh4 b6 9. Ne5 Bb7 10. O-O Nbd7 11. f4 Ne4 12. Bxe7 Qxe7 13. Ndf3 Nxe5 14.
Nxe5 Nf6 15. Bc2 Ba6 16. Rf3 Nd7 17. Ng4 f5 18. Nf2 Nf6 19. h3 Kh8 20. Kh2 g5 21. g4 fxg4 22. Nxg4 Nxg4+ 23. hxg4 gxf4 24. Rh3 Kg7 25. Qe1 Qg5 26. exf4 Qxf4+ 27. Kh1 Rae8 28. Qh4 Bf1 29. Qh5 Qg5 30. Qxg5+ hxg5 31. Rh7+ Kg8 32. Kg1 Be2 33. Re1 Bxg4 34. Rxa7 Bf5 35. Ba4 Ra8 36. Rxa8 Rxa8 37. b3 Kg7 38. Re2 Kf6 39. Kf2 Be4 40. Kg3 Rh8 41. Rg2 Bxg2 0-1

[Event "Early-Titled-Tuesday-Blitz-August-29-2023"]
[Site "Chess.com"]
[Date "2023.08.29"]
[Round "9"]
[White "MBA_CHESS_2021"]
[Black "XDPS"]
[Result "0-1"]
[WhiteElo "2334"]
[BlackElo "2856"]
[TimeControl "180+1"]
[EndTime "9:43:20 PDT"]
[Termination "XDPS won on time"]

1. d4 Nf6 2. Nf3 g6 3. c4 Bg7 4. Nc3 O-O 5. e4 d6 6. Bd3 Nbd7 7. Bg5 e5 8. d5 Qe7 9. Qd2 a5 10. h4 h5 11. Bc2 Nc5 12. Nh2 c6 13. f3 Qc7 14. g4 hxg4 15. Bxf6 Bxf6 16. Nxg4 Bxg4 17. fxg4 a4 18. g5 Bg7 19. h5 Qe7 20. h6 Bh8 21.
h7+ Kg7 22. O-O-O Rad8 23. Rdg1 f6 24. gxf6+ Rxf6 25. Qh6+ Kf7 26. Rf1 Bg7 27. Qh4 Rh8 28. Rhg1 Rxf1+ 29. Rxf1+ Bf6 30. Qg4 Rxh7 31. dxc6 bxc6 32.
Nxa4 Ne6 33. c5 Kg7 34. Rg1 Bg5+ 35. Kb1 Rh4 36. Qd1 dxc5 37. Bb3 Nd4 38. Bc4 Rh2 39. Rf1 Bf4 40. Qg4 Qa7 41. Bb3 c4 0-1

[Event "Early-Titled-Tuesday-Blitz-August-29-2023"]
[Site "Chess.com"]
[Date "2023.08.29"]
[Round "9"]
[White "The_Princess_Moon"]
[Black "sorch29"]
[Result "0-1"]
[WhiteElo "2197"]
[BlackElo "2370"]
[TimeControl "180+1"]
[EndTime "9:43:20 PDT"]
[Termination "sorch29 won on time"]

1. e4 c5 2. Nf3 Nc6 3. Bb5 g6 4. Bxc6 dxc6 5. O-O Bg7 6. Re1 Qc7 7. h3 e5 8. d3 Nf6 9. Be3 Nd7 10. Nc3 h6 11.
Qd2 Nf8 12. a3 Ne6 13. b4 cxb4 14. axb4 Nd4 15. Qd1 O-O 16. Bxd4 exd4 17. Ne2 Rd8 18.
Ra4 b5 19. Ra3 a5 20. bxa5 Rxa5 21. Qa1 Rxa3 22. Qxa3 Bb7 23. Qb2 Qb6 24. Ra1 c5 25. Rb1 b4 26. Nd2 Ba6 27. Qb3 Bb5 28. Ra1 Qe6 29. Ra5 Rb8 30. Qxe6 fxe6 31. Nb3 Bf8 32. Nf4 Kf7 33. Ra7+ Kf6 34. e5+ Kxe5 35. Nxg6+ Kd6 36. Nd2 Kd5 37. Ne4 c4 38. Nf4+ Ke5 39. Ng6+ Kd5 40. Ra5 cxd3 41. cxd3 b3 42. Nxf8 b2 43. Nd2 Kc5 44.
Nxe6+ Kb4 45. Ra7 Kc3 46. Nb1+ Kc2 47. Na3+ Kb3 48. Nxd4+ Ka2 49. Naxb5+ Kb1 50. Nc3+ Kc1 51. Ra2 Kd2 0-1

[Event "Early-Titled-Tuesday-Blitz-August-29-2023"]
[Site "Chess.com"]
[Date "2023.08.29"]
[Round "9"]
[White "laskakid"]
[Black "HElissalt"]
[Result "0-1"]
[WhiteElo "2162"]
[BlackElo "2356"]
[TimeControl "180+1"]
[EndTime "9:43:20 PDT"]
[Termination "HElissalt won by resignation"]

1. d4 d5 2. c4 dxc4 3. e3 a6 4. Bxc4 Nf6 5. Nf3 b5 6. Bd3 Bb7 7. a4 b4 8. O-O e6 9. Nbd2 Nbd7 10. e4 Be7 11. e5 Nd5 12. Ne4 c5 13. dxc5 Nxc5 14.
Nxc5 Bxc5 15. Bg5 Qb6 16. Qe2 h6 17. Bd2 Rc8 18. Rac1 Ke7 19. Qe4 g5 20. Qg4 Rcg8 21.
Be4 a5 22. h3 Rc8 23. h4 Rcg8 24. hxg5 hxg5 25. Nxg5 Rg7 26. Qf3 Rhg8 27. g3 Rxg5 28. Bxg5+ Rxg5 29. Bxd5 Rf5 30. Qd3 Bxd5 31. Rfd1 Rh5 32.
Kf1 Rh1+ 33. Ke2 Rxd1 34. Rxd1 Bxf2 35. Qc2 Qe3+ 36. Kf1 Qf3 37. Rd3 Qg2+ 38. Ke2 Bd4+ 39. Kd1 Bf3+ 40. Kc1 Qf1+ 41. Kd2 Qf2+ 42. Kc1 Qe1+ 43.
Rd1 Qxd1+ 44. Qxd1 Bxd1 45. Kxd1 Bxe5 0-1

[Event "Early-Titled-Tuesday-Blitz-August-29-2023"]
[Site "Chess.com"]
[Date "2023.08.29"]
[Round "9"]
[White "BillieKimbah"]
[Black "sergoy"]
[Result "1-0"]
[WhiteElo "3044"]
[BlackElo "2950"]
[TimeControl "180+1"]
[EndTime "9:43:21 PDT"]
[Termination "BillieKimbah won by resignation"]

1. d4 Nf6 2. Nf3 d5 3. Bg5 Ne4 4. Bh4 f6 5. Nfd2 Bf5 6. Nxe4 Bxe4 7. Nc3 Bg6 8. e4 e6 9. Bb5+ c6 10. Bd3 Bb4 11. O-O O-O 12. Qe2 Nd7 13. Nb1 Qe8 14.
c3 Bd6 15. Nd2 f5 16. e5 Bc7 17. b4 f4 18. f3 Bxd3 19. Qxd3 Qh5 20. Bf2 Qf5 21. Qe2 a5 22. a4 Rfc8 23. g4 Qg6 24. b5 c5 25. dxc5 Bxe5 26. Rac1 Qf6 27. Nb3 Bxc3 28. h4 Bb4 29. c6 bxc6 30. bxc6 Nb8 31. Qb5 Na6 32. Nd4 Nc7 33. Qd3 e5 34. Nf5 g6 35. Nh6+ Kg7 36. g5 Qe6 37. Rfe1 Ra6 38.
Rxe5 Qxe5 39. Bd4 Bd6 40. Bxe5+ Bxe5 41. Re1 Bb2 42. Re7+ Kh8 43. Rxc7 1-0

[Event "Early-Titled-Tuesday-Blitz-August-29-2023"]
[Site "Chess.com"]
[Date "2023.08.29"]
[Round "9"]
[White "DanielNaroditsky"]
[Black "alexrustemov"]
[Result "1/2-1/2"]
[WhiteElo "3139"]
[BlackElo "2882"]
[TimeControl "180+1"]
[EndTime "9:43:21 PDT"]
[Termination "Game drawn by agreement"]

1. c4 c5 2. Nf3 g6 3. d4 cxd4 4. Nxd4 Bg7 5. e4 Nc6 6. Be3 d6 7. Nc3 Nf6 8. Be2 O-O 9. O-O Nxd4 10. Bxd4 Bd7 11. Qd2 Bc6 12. f3 a5 13. Rac1 Nd7 14. Be3 a4 15. Rfd1 Qa5 16. Bf1 Rfc8 17. Rc2 Qb4 18. Rdc1 Nc5 19. Qf2 h5 20. Nd5 Bxd5 21.
exd5 Rc7 22. h4 Bf6 23. g3 Kg7 24. Kg2 Nd7 25. Be2 Rac8 26. Bd2 Qc5 27. Be3 Qb4 28. Bd2 Qc5 29. Qe1 Qa7 30. g4 hxg4 31. fxg4 b5 32. g5 Be5 33. Ba5 Rc5 34. Bb4 R5c7 35. Ba5 Rc5 36.
Bd2 R5c7 37. h5 bxc4 38. h6+ Kg8 39. Qh4 Qd4 40. Qxd4 Bxd4 41. Bg4 a3 42. bxa3 c3 43. Be1 Be3 44. Bxc3 1/2-1/2

[Event "Early-Titled-Tuesday-Blitz-August-29-2023"]
[Site "Chess.com"]
[Date "2023.08.29"]
[Round "9"]
[White "YouJustFoundYourGodfather"]
[Black "FormerProdigy"]
[Result "1-0"]
[WhiteElo "2629"]
[BlackElo "2858"]
[TimeControl "180+1"]
[EndTime "9:43:21 PDT"]
[Termination "YouJustFoundYourGodfather won by resignation"]

1. d4 Nf6 2. c4 e6 3. Nc3 Bb4 4. Qb3 c5 5. dxc5 Nc6 6. Nf3 Ne4 7. e3 Bxc3+ 8. bxc3 Nxc5 9. Qc2 b6 10. Be2 Ba6 11. O-O Rc8 12. Rd1 Na5 13. Rd4 Qe7 14. Ba3 O-O 15.
Rad1 Rfd8 16. Qd2 h6 17. Ne5 d6 18. Rxd6 Rxd6 19. Qxd6 Qxd6 20. Rxd6 Ne4 21. Rd7 Nxc4 22.
Bxc4 Bxc4 23. Rd4 Bd5 24. c4 Nc3 25. Rd2 Bxc4 26. Rc2 Ba6 27. Kh1 f6 28. Nf3 e5 29.
h3 Ne4 30. Rb2 Rc3 31. Bb4 Rc1+ 32. Kh2 Bc4 33. a3 Kf7 34. Nd2 Nxd2 35. Bxd2 Ke6 36. Bxc1 1-0

[Event "Early-Titled-Tuesday-Blitz-August-29-2023"]
[Site "Chess.com"]
[Date "2023.08.29"]
[Round "9"]
[White "leopato"]
[Black "ChainedDowntohell"]
[Result "0-1"]
[WhiteElo "2175"]
[BlackElo "2504"]
[TimeControl "180+1"]
[EndTime "9:43:21 PDT"]
[Termination "ChainedDowntohell won on time"]

1. d4 b6 2. e4 Bb7 3. Nc3 e6 4. Nf3 Bb4 5. Bd3 d5 6. e5 Ba6 7. Bxa6 Nxa6 8. O-O Ne7 9. Ne2 Nf5 10. c3 Qd7 11.
cxb4 Nxb4 12. g4 Ne7 13. a3 Nbc6 14. b4 h5 15. h3 f6 16. Bf4 Ng6 17. Qc2 Kf7 18.
Rac1 Nge7 19. b5 Na5 20. Qxc7 Qe8 21. exf6 gxf6 22. Bd6 Nc4 23. Bxe7 Rc8 24. Qxa7 Ra8 25. Qb7 Rb8 26. Qc6 Qxe7 27. Rxc4 dxc4 28. d5 hxg4 29. dxe6+ Qxe6 30. Qxe6+ Kxe6 31. hxg4 Rbg8 32. Nf4+ Kf7 33. Nh2 Rd8 34. Rc1 Rd4 35. Nh5 f5 36.
f3 Ra8 37. Rc3 Ra5 38. Ng3 fxg4 39. Nxg4 Rxb5 40. Ne4 Rb2 41. Ne5+ Ke6 42. Nf2 Kxe5 43. f4+ Kxf4 44. Rxc4 Rb1+ 45. Kg2 Rxc4 46. Nd3+ Ke3 0-1

[Event "Early-Titled-Tuesday-Blitz-August-29-2023"]
[Site "Chess.com"]
[Date "2023.08.29"]
[Round "9"]
[White "dosto07"]
[Black "FeketeBarika"]
[Result "1/2-1/2"]
[WhiteElo "2464"]
[BlackElo "2363"]
[TimeControl "180+1"]
[EndTime "9:43:23 PDT"]
[Termination "Game drawn - insufficient material"]

1. e4 e6 2. d4 d5 3. Nd2 Be7 4. Bd3 c5 5. dxc5 Nf6 6. Qe2 O-O 7. Ngf3 a5 8. O-O Na6 9. e5 Nd7 10. c3 Naxc5 11. Bc2 b6 12. Re1 Ba6 13. Qe3 f6 14.
Nb3 fxe5 15. Nxe5 Nxe5 16. Qxe5 Bf6 17. Qe3 e5 18. Nxc5 bxc5 19. Qxc5 Qd7 20. Bb3 Rfd8 21. Rd1 Bb7 22. Be3 a4 23. Bxd5+ Bxd5 24. c4 Rac8 25. Rxd5 Rxc5 26. Rxd7 Rxd7 27. Bxc5 Rc7 28. Be3 Rxc4 29. Rc1 Rxc1+ 30. Bxc1 e4 31. b3 axb3 32.
axb3 Bc3 33. Kf1 Kf7 34. Ke2 Ke6 35. Bd2 Bd4 36. Be3 Bc3 37. Kd1 Kd5 38. Kc2 Be5 39. h3 h5 40. Bd2 Bd4 41. Be3 Be5 42. g4 hxg4 43. hxg4 g6 44. Bd2 Bd4 45. Be3 Be5 46. Kd2 Bb2 47. Ke2 Bc3 48. f4 exf3+ 49. Kxf3 Ke5 50.
Bf4+ Ke6 51. Ke4 Bb4 52. Kd4 Be7 53. Kc4 g5 54. Bg3 Bd8 55. b4 Bb6 56. Kb5 Be3 57. Kc6 Bg1 58. b5 Be3 59. b6 Bxb6 60. Kxb6 Kd5 61.
Kb5 Ke4 62. Bd6 Kf3 63. Be7 Kxg4 64. Bxg5 1/2-1/2

[Event "Early-Titled-Tuesday-Blitz-August-29-2023"]
[Site "Chess.com"]
[Date "2023.08.29"]
[Round "9"]
[White "AnaKuchava"]
[Black "Inepton_Fermion"]
[Result "0-1"]
[WhiteElo "2207"]
[BlackElo "2380"]
[TimeControl "180+1"]
[EndTime "9:43:27 PDT"]
[Termination "Inepton_Fermion won on time"]

1. d4 Nf6 2. Nf3 e6 3. c4 b6 4.
a3 Bb7 5. Nc3 Ne4 6. Qc2 Nxc3 7.
Qxc3 f5 8. g3 Be7 9. Bg2 O-O 10.
O-O a5 11. Bd2 a4 12. Rfd1 Be4 13.
Ne1 Bxg2 14. Kxg2 Bf6 15. Qd3 Nc6 16. Bc3 d5 17. Nf3 Qd7 18. Rac1 Ne7 19. Bb4 Rfd8 20.
Bxe7 Qxe7 21. c5 bxc5 22. Rxc5 Rdb8 23. Qc2 Rb7 24. Rc1 Raa7 25. e3 g6 26. Ne1 Qd7 27.
Nd3 Be7 28. Rc6 Bd6 29. Ne5 Bxe5 30. dxe5 g5 31. Rd1 Qg7 32. Rd4 Qxe5 33. Rxa4 Rxa4 34. Qxa4 Qxb2 35. Rxe6 Qb5 36. Qa8+ Rb8 37. Qa7 Qb7 38. Qc5 d4+ 39. Kh3 Qf3 0-1

[Event "Early-Titled-Tuesday-Blitz-August-29-2023"]
[Site "Chess.com"]
[Date "2023.08.29"]
[Round "9"]
[White "imdvb6307"]
[Black "Bilan_Danila"]
[Result "1-0"]
[WhiteElo "2400"]
[BlackElo "2491"]
[TimeControl "180+1"]
[EndTime "9:43:29 PDT"]
[Termination "imdvb6307 won by checkmate"]

1. c4 c6 2. Nf3 d5 3. g3 Nf6 4. Bg2 Bf5 5. O-O e6 6. b3 h6 7. Bb2 Nbd7 8. d3 Bc5 9. Qc2 O-O 10. Nc3 a5 11. e4 dxe4 12. Nxe4 Nxe4 13. dxe4 Bh7 14. Rad1 Qe7 15. Qc3 f6 16. e5 f5 17. Nd4 f4 18. Bh3 fxg3 19. hxg3 Bf5 20. Nxf5 exf5 21. e6 Nb6 22. Qe5 Rf6 23. Bxf5 Raf8 24.
Bh3 Rxf2 25. Rxf2 Rxf2 26. Bd4 Bxd4 27. Qxd4 Rf3 28. Qxb6 Rxg3+ 29. Kh2 Rxh3+ 30. Kxh3 Qxe6+ 31. Kg3 Qe5+ 32. Kf2 Qf4+ 33. Ke2 Qg4+ 34. Kd2 Qf4+ 35. Qe3 Qh2+ 36. Kc1 Qxa2 37. Qc3 Qa3+ 38. Kb1 Qe7 39.
Rg1 Qe4+ 40. Ka2 a4 41. Qxg7# 1-0

[Event "Early-Titled-Tuesday-Blitz-August-29-2023"]
[Site "Chess.com"]
[Date "2023.08.29"]
[Round "9"]
[White "DeArron_Fox"]
[Black "ItsCheckM8Mate"]
[Result "0-1"]
[WhiteElo "2464"]
[BlackElo "2377"]
[TimeControl "180+1"]
[EndTime "9:43:30 PDT"]
[Termination "ItsCheckM8Mate won by resignation"]

1. d4 Nf6 2. c4 c5 3. d5 b5 4.
cxb5 a6 5. bxa6 Bxa6 6. Nc3 d6 7.
e4 g6 8. Nf3 Bxf1 9. Kxf1 Bg7 10. g3 O-O 11. Kg2 Nbd7 12. a4 Qb6 13. Qc2 Rfb8 14.
Nb5 Ne8 15. Nd2 Nc7 16. Nc4 Qb7 17. Nxc7 Qxc7 18. Ra3 Ne5 19. b3 Nxc4 20. Qxc4 Rb4 21. Qc2 Qc8 22. Bd2 Rb7 23. a5 Ra6 24. Qc4 Rb8 25.
Rb1 f5 26. b4 cxb4 27. Qxc8+ Rxc8 28. Rxb4 Rc5 29. Rb6 Rxb6 30. axb6 Rb5 31. Be3 fxe4 32. Ra7 Kf7 33. h4 Rxd5 34. g4 Rb5 35. Kg3 Be5+ 36.
Kg2 d5 37. h5 d4 38. Bg5 Bf6 39.
Bxf6 Kxf6 40. hxg6 hxg6 41. b7 d3 42. Kf1 Rb1+ 43.
Kg2 d2 44. Ra1 Rxb7 45. Rd1 Rb2 46. Kf1 Ke5 47. Ke2 Kf4 48. Rg1 d1=Q+ 49. Kxd1 Rb1+ 0-1

[Event "Early-Titled-Tuesday-Blitz-August-29-2023"]
[Site "Chess.com"]
[Date "2023.08.29"]
[Round "9"]
[White "sokidze"]
[Black "topin8"]
[Result "1-0"]
[WhiteElo "2746"]
[BlackElo "2481"]
[TimeControl "180+1"]
[EndTime "9:43:31 PDT"]
[Termination "sokidze won on time"]

1. d4 Nf6 2. c4 c5 3. d5 d6 4. Nc3 g6 5. e4 Bg7 6. f4 O-O 7.
Bd3 e6 8. dxe6 fxe6 9. Nf3 Nc6 10.
O-O Nh5 11. Ne2 e5 12. f5 Nf6 13. Ng3 gxf5 14. exf5 Nd4 15. Bg5 Qc7 16. Nxd4 cxd4 17. Nh5 Nxh5 18. Qxh5 Qf7 19. Qxf7+ Rxf7 20. Be4 h6 21.
Bh4 Bf6 22. Be1 Rc7 23. Bb4 Be7 24. f6 Bf8 25. Bd5+ Kh7 26. f7 Bg4 27. Rf6 Bh5 28.
b3 Bg6 29. Raf1 Be7 30. f8=Q Bxf8 31. Rxf8 Rxf8 32. Rxf8 d3 33. Kf2 Rd7 34. Ke3 e4 35. Rf4 Re7 36. Bxe4 Bxe4 37. Rxe4 Rg7 38. g3 1-0